[Event "EYCC Open-U10 2019"]
[Site "Bratislava"]
[Date "2019.08.06"]
[Round "5.21"]
[White "Deveci, Huseyin Said"]
[Black "Shearsby, Jude"]
[Result "1/2-1/2"]
[ECO "B00"]
[WhiteElo "1558"]
[BlackElo "1486"]
[Annotator "NA"]
[PlyCount "67"]
[EventDate "2019.08.02"]
[EventType "swiss"]
[EventCountry "SVK"]
[SourceTitle "playchess.com"]
[Source "ChessBase"]
[SourceQuality "1"]
[TimeControl "40/5400+30:1800+30"]

1. e4 Nc6 2. d4 d5 3. Nc3 Nf6 4. e5 Nd7 5. Bb5 e6 6. f4 a6 7. Bxc6 bxc6 8. Nf3 c5 9. f5 cxd4 10. fxe6 fxe6 11. Bg5 Be7 12. Nxd4 Nxe5 13. Bxe7 Qxe7 14. O-O Nf7 15. Nxd5 Qd6 16. Qf3 O-O 17. Ne7+ Qxe7 18. Qxa8 Qc5 19. c3 e5 20. Rxf7 Kxf7 21. Rf1+ Kg8 22. Rxf8+ Qxf8 23. Qd5+ Qf7 24. Qxe5 Kf8 25. b3 Qe7 26. Qxe7+ Kxe7 27. Kf2 Bb7 28. g3 Kf6 29. h4 c5 30. Nf3 Kf5 31. Nd2 Bd5 32. c4 Bc6 33. a3 a5 34. a4 1/2-1/2

[Event "EYCC Open-U10 2019"]
[Site "Bratislava"]
[Date "2019.08.06"]
[Round "5.22"]
[White "La Barbera, Manfredi"]
[Black "Csernyik, Mark"]
[Result "0-1"]
[ECO "B01"]
[WhiteElo "1479"]
[BlackElo "1648"]
[Annotator "NA"]
[PlyCount "91"]
[EventDate "2019.08.02"]
[EventType "swiss"]
[EventCountry "SVK"]
[SourceTitle "playchess.com"]
[Source "ChessBase"]
[SourceQuality "1"]
[TimeControl "40/5400+30:1800+30"]

1. e4 d5 2. exd5 Qxd5 3. Nc3 Qd6 4. Nf3 Nf6 5. d4 a6 6. g3 Bg4 7. Bg2 Nc6 8. O-O O-O-O 9. Bf4 Qb4 10. Qd3 Bxf3 11. Bxf3 Nxd4 12. Rfd1 Ne6 13. Nd5 Qc5 14. Be3 Qd6 15. Qc3 Nxd5 16. Rxd5 Qxd5 17. Bxd5 Rxd5 18. Qc4 Rd6 19. Qg4 g6 20. Rd1 h5 21. Qf3 Rxd1+ 22. Qxd1 Bg7 23. c3 Rd8 24. Qf3 Bf6 25. h4 Ng7 26. Bg5 Bxg5 27. hxg5 Nf5 28. Qe2 e6 29. Kf1 Rd5 30. Ke1 Nd6 31. f4 Nf5 32. Qf3 Ra5 33. a3 Rb5 34. Qf2 Rd5 35. Ke2 Nd6 36. b3 Rd2+ 37. Kxd2 Ne4+ 38. Ke3 Nxf2 39. Kxf2 Kd7 40. Ke3 c5 41. c4 b5 42. cxb5 axb5 43. a4 c4 44. bxc4 bxa4 45. Kd3 Kc6 46. Kc3 0-1

[Event "EYCC Open-U10 2019"]
[Site "Bratislava"]
[Date "2019.08.06"]
[Round "5.23"]
[White "Yonal, Timur"]
[Black "Jaakkola, Niklas"]
[Result "1-0"]
[ECO "B32"]
[WhiteElo "1512"]
[BlackElo "1587"]
[Annotator "NA"]
[PlyCount "55"]
[EventDate "2019.08.02"]
[EventType "swiss"]
[EventCountry "SVK"]
[SourceTitle "playchess.com"]
[Source "ChessBase"]
[SourceQuality "1"]
[TimeControl "40/5400+30:1800+30"]

1. e4 c5 2. Nf3 Nc6 3. d4 cxd4 4. Nxd4 e5 5. Nb5 d6 6. N1c3 a6 7. Na3 b5 8. Nd5 Nge7 9. c4 Nxd5 10. Qxd5 Bd7 11. cxb5 Nd4 12. bxa6 Rc8 13. a7 Bc6 14. Qc4 Bxe4 15. Qb4 Be7 16. Bb5+ Nxb5 17. Qxe4 Nxa7 18. O-O O-O 19. Be3 Nc6 20. Rfd1 Qd7 21. Nc4 Qe6 22. Nb6 f5 23. Qa4 Rc7 24. Rac1 d5 25. Nxd5 Rcc8 26. Rxc6 Qd7 27. Nxe7+ Qxe7 28. Qc4+ 1-0

[Event "EYCC Open-U10 2019"]
[Site "Bratislava"]
[Date "2019.08.06"]
[Round "5.24"]
[White "Sommer, Justus"]
[Black "Gordeev, Denis"]
[Result "1/2-1/2"]
[ECO "B40"]
[WhiteElo "1671"]
[BlackElo "1467"]
[Annotator "NA"]
[PlyCount "75"]
[EventDate "2019.08.02"]
[EventType "swiss"]
[EventCountry "SVK"]
[SourceTitle "playchess.com"]
[Source "ChessBase"]
[SourceQuality "1"]
[TimeControl "40/5400+30:1800+30"]

1. e4 c5 2. Nf3 e6 3. c3 d5 4. exd5 Qxd5 5. d4 Nf6 6. Na3 Nc6 7. Nb5 Qd8 8. dxc5 Bxc5 9. Qxd8+ Kxd8 10. Be2 a6 11. Nbd4 Bd7 12. Be3 Nxd4 13. Nxd4 Rc8 14. Rd1 Nd5 15. Bc1 Ke7 16. O-O Rhd8 17. Bf3 b5 18. Nb3 Be8 19. Rfe1 Kf8 20. Nxc5 Rxc5 21. Rd4 Rcc8 22. Red1 Bc6 23. b3 Ke8 24. c4 bxc4 25. bxc4 Nb4 26. Rxd8+ Rxd8 27. Rxd8+ Kxd8 28. Bxc6 Nxc6 29. Bb2 Na5 30. Bxg7 Nxc4 31. Kf1 Kd7 32. Ke2 Kc6 33. Kd3 Kd5 34. f3 f5 35. f4 Nd6 36. h3 h5 37. Bf8 Ne4 38. Be7 1/2-1/2

[Event "EYCC Open-U10 2019"]
[Site "Bratislava"]
[Date "2019.08.06"]
[Round "5.25"]
[White "Wielgus, Wojciech"]
[Black "Bukvaj, Martin"]
[Result "1/2-1/2"]
[ECO "C65"]
[WhiteElo "1655"]
[BlackElo "1220"]
[Annotator "NA"]
[PlyCount "78"]
[EventDate "2019.08.02"]
[EventType "swiss"]
[EventCountry "SVK"]
[SourceTitle "playchess.com"]
[Source "ChessBase"]
[SourceQuality "1"]
[TimeControl "40/5400+30:1800+30"]

1. e4 e5 2. Nf3 Nc6 3. Bb5 Nf6 4. O-O a6 5. Bxc6 dxc6 6. Nxe5 Be7 7. d3 O-O 8. Be3 Ne8 9. Nc3 f5 10. exf5 Bxf5 11. Nc4 Nf6 12. Ne2 Nd5 13. Ng3 Bg6 14. d4 Bf6 15. c3 Re8 16. Re1 Qd7 17. a4 Re7 18. Bd2 Rae8 19. Rxe7 Rxe7 20. Qb3 b5 21. Ne3 h5 22. Nxd5 Qxd5 23. Qxd5+ cxd5 24. axb5 axb5 25. Re1 Rxe1+ 26. Bxe1 Bg5 27. Ne2 Bd3 28. Kf1 Bc4 29. b4 Kf7 30. g3 Ke6 31. f4 Be7 32. Kf2 Kf5 33. Ng1 g5 34. Bd2 g4 35. Ne2 Ke4 36. Nc1 Bf6 37. Be3 Be7 38. Ne2 Kd3 39. Nc1+ Ke4 1/2-1/2

[Event "EYCC Open-U10 2019"]
[Site "Bratislava"]
[Date "2019.08.06"]
[Round "5.26"]
[White "Villa Tornero, Alex"]
[Black "Batozhargalov, Erdem"]
[Result "1-0"]
[ECO "D00"]
[WhiteElo "1641"]
[BlackElo "1080"]
[Annotator "NA"]
[PlyCount "111"]
[EventDate "2019.08.02"]
[EventType "swiss"]
[EventCountry "SVK"]
[SourceTitle "playchess.com"]
[Source "ChessBase"]
[SourceQuality "1"]
[TimeControl "40/5400+30:1800+30"]

1. d4 d5 2. Bf4 Nf6 3. e3 c5 4. c3 Nc6 5. Nd2 Bf5 6. Qb3 Qb6 7. dxc5 Qxb3 8. axb3 e5 9. Bg3 Nh5 10. b4 Nxg3 11. hxg3 Be7 12. Ngf3 h6 13. b5 Nd8 14. Nxe5 Bxc5 15. Nb3 Bd6 16. Nf3 Bd7 17. O-O-O Bc7 18. Nc5 Be6 19. Bd3 O-O 20. Rh4 Bd6 21. Nb3 a5 22. bxa6 bxa6 23. Nbd4 Be7 24. Rh2 a5 25. Kd2 a4 26. Nh4 Rb8 27. Rb1 Ra8 28. Nhf5 Bxf5 29. Nxf5 Bc5 30. Nd4 Ne6 31. Rh5 Rfd8 32. Re5 Nxd4 33. exd4 Bf8 34. Ra1 Rdb8 35. Kc2 Rd8 36. Bb5 a3 37. bxa3 Rxa3 38. Rxa3 Bxa3 39. Re8+ Rxe8 40. Bxe8 Kf8 41. Bc6 Ke7 42. Bxd5 f6 43. Kd3 Kd6 44. Be4 g5 45. g4 Ke6 46. c4 Be7 47. c5 Bd8 48. Kc4 Kd7 49. d5 Kc7 50. Bf5 Kb7 51. d6 Kc6 52. Be4+ Kd7 53. Kd5 Kc8 54. Bf5+ Kb7 55. c6+ Kb6 56. c7 1-0

[Event "EYCC Open-U10 2019"]
[Site "Bratislava"]
[Date "2019.08.06"]
[Round "5.27"]
[White "Mukhomorov, Dobrynia"]
[Black "Grabs, Peter"]
[Result "0-1"]
[ECO "A40"]
[WhiteElo "1206"]
[BlackElo "1638"]
[Annotator "NA"]
[PlyCount "78"]
[EventDate "2019.08.02"]
[EventType "swiss"]
[EventCountry "SVK"]
[SourceTitle "playchess.com"]
[Source "ChessBase"]
[SourceQuality "1"]
[TimeControl "40/5400+30:1800+30"]

1. d4 b6 2. c4 Bb7 3. Nc3 e6 4. e4 Bb4 5. f3 f5 6. d5 fxe4 7. fxe4 Qh4+ 8. Ke2 Bxc3 9. bxc3 Qxe4+ 10. Be3 Qxc4+ 11. Kf2 Qxd5 12. Qe2 Nf6 13. Ke1 O-O 14. Nf3 Qa5 15. Bd2 Ne4 16. Qe3 Nxd2 17. Nxd2 Nc6 18. Nf3 Ne7 19. h4 Nd5 20. Qg5 Qxc3+ 21. Kf2 Qxa1 22. h5 Qd4+ 23. Ke2 Qf4 24. Ke1 Qxg5 25. Nxg5 Nb4 26. h6 g6 27. Bc4 Bxg2 28. Rg1 Bd5 29. Be2 Nxa2 30. Bd3 Nb4 31. Bb1 a5 32. Nxh7 Kxh7 33. Rxg6 Ba2 34. Be4 d5 35. Rg7+ Kxh6 36. Rh7+ Kg5 37. Rg7+ Kf6 38. Rxc7 dxe4 39. Rc1 Nd3+ 0-1

[Event "EYCC Open-U10 2019"]
[Site "Bratislava"]
[Date "2019.08.06"]
[Round "5.28"]
[White "Sitnikov, Arseni"]
[Black "Dyachuk, Artem"]
[Result "0-1"]
[ECO "B44"]
[WhiteElo "1184"]
[BlackElo "1538"]
[Annotator "NA"]
[PlyCount "92"]
[EventDate "2019.08.02"]
[EventType "swiss"]
[EventCountry "SVK"]
[SourceTitle "playchess.com"]
[Source "ChessBase"]
[SourceQuality "1"]
[TimeControl "40/5400+30:1800+30"]

1. e4 c5 2. Nf3 e6 3. d4 cxd4 4. Nxd4 Nc6 5. Nb5 d6 6. Bf4 e5 7. Be3 a6 8. N5a3 b5 9. Be2 Nf6 10. O-O Be6 11. Nd2 Be7 12. c4 b4 13. Nc2 O-O 14. b3 Nd7 15. Bg4 Bxg4 16. Qxg4 Bf6 17. Rad1 Qe7 18. Qe2 Rfe8 19. Nf3 Nc5 20. Bc1 Ne6 21. Qd2 Qb7 22. Ne3 Nc5 23. Qd5 Nd4 24. Bb2 Qxd5 25. exd5 Ne2+ 26. Kh1 a5 27. g3 a4 28. Rfe1 e4 29. Rxe2 exf3 30. Red2 Ne4 31. Rc2 Bxb2 32. Rxb2 a3 33. Rc2 Nxf2+ 34. Rxf2 Rxe3 35. Rdf1 Rae8 36. Kg1 Re2 37. Rxe2 Rxe2 38. Rf2 Rb2 39. h3 g5 40. g4 Kg7 41. Rh2 Kf6 42. Rf2 Ke5 43. Rxf3 Rxa2 44. c5 Rb2 45. c6 a2 46. Rf1 Rb1 0-1

[Event "EYCC Open-U10 2019"]
[Site "Bratislava"]
[Date "2019.08.06"]
[Round "5.29"]
[White "Plomp, Mateo"]
[Black "Khoo-Thwe, Louis"]
[Result "0-1"]
[ECO "C55"]
[WhiteElo "1416"]
[BlackElo "1746"]
[Annotator "NA"]
[PlyCount "52"]
[EventDate "2019.08.02"]
[EventType "swiss"]
[EventCountry "SVK"]
[SourceTitle "playchess.com"]
[Source "ChessBase"]
[SourceQuality "1"]
[TimeControl "40/5400+30:1800+30"]

1. e4 e5 2. Nf3 Nc6 3. d4 exd4 4. Bc4 Nf6 5. e5 d5 6. Bb5 Ne4 7. Nxd4 Bd7 8. Bxc6 bxc6 9. O-O Bc5 10. f3 Ng5 11. Be3 Ne6 12. c3 f6 13. f4 Bxd4 14. cxd4 f5 15. g4 O-O 16. gxf5 Rxf5 17. Qg4 g6 18. Qg3 Rb8 19. Rf2 c5 20. dxc5 d4 21. Bxd4 Nxd4 22. Rd2 Bc6 23. Kf1 Qd5 24. Qg1 Rxf4+ 25. Rf2 Qc4+ 26. Ke1 Qc1# 0-1

[Event "EYCC Open-U10 2019"]
[Site "Bratislava"]
[Date "2019.08.06"]
[Round "5.30"]
[White "Foldes, Marton Gabor"]
[Black "Sava, Robert-Gabriel"]
[Result "0-1"]
[ECO "B89"]
[WhiteElo "1803"]
[BlackElo "1292"]
[Annotator "NA"]
[PlyCount "108"]
[EventDate "2019.08.02"]
[EventType "swiss"]
[EventCountry "SVK"]
[SourceTitle "playchess.com"]
[Source "ChessBase"]
[SourceQuality "1"]
[TimeControl "40/5400+30:1800+30"]

1. e4 c5 2. Nf3 d6 3. d4 cxd4 4. Nxd4 Nf6 5. Nc3 Nc6 6. Bc4 e6 7. Be3 a6 8. Bb3 Qc7 9. Qe2 Na5 10. O-O Be7 11. f4 b5 12. a3 Bb7 13. Bf2 O-O 14. Bxe6 fxe6 15. Nxe6 Qc4 16. Nxf8 Bxf8 17. e5 Qxe2 18. Nxe2 dxe5 19. fxe5 Ne4 20. Be3 Nc4 21. Bd4 Re8 22. Rf4 Nxe5 23. Raf1 Ng6 24. Rf7 Nd6 25. R7f2 Bd5 26. Nf4 Nxf4 27. Rxf4 Bc4 28. Rd1 Nf7 29. Bc3 Re2 30. a4 Rxc2 31. axb5 axb5 32. Bd4 Re2 33. Ra1 h6 34. Rg4 Ng5 35. h4 Ne6 36. Bc3 Kh7 37. Re1 Bc5+ 38. Kh1 Rxe1+ 39. Bxe1 Bd4 40. b4 Bf6 41. Re4 g5 42. hxg5 Bxg5 43. Bg3 Kg6 44. Bd6 Kf5 45. Re1 Kg4 46. Ra1 Nf4 47. Kh2 Nd3 48. Kh1 Kf5 49. Rb1 Ke4 50. Rf1 Ke3 51. Rf3+ Kd2 52. Rf1 Be3 53. Ra1 Kc3 54. Rb1 Kc2 0-1

[Event "EYCC Open-U10 2019"]
[Site "Bratislava"]
[Date "2019.08.06"]
[Round "5.31"]
[White "Sapocinic, Semion"]
[Black "Oglaza, Dawid"]
[Result "1/2-1/2"]
[ECO "C70"]
[WhiteElo "1781"]
[BlackElo "1284"]
[Annotator "NA"]
[PlyCount "90"]
[EventDate "2019.08.02"]
[EventType "swiss"]
[EventCountry "SVK"]
[SourceTitle "playchess.com"]
[Source "ChessBase"]
[SourceQuality "1"]
[TimeControl "40/5400+30:1800+30"]

1. e4 e5 2. Nf3 Nc6 3. Bb5 a6 4. Ba4 b5 5. Bb3 Nf6 6. d3 Bc5 7. O-O d6 8. c3 h6 9. Nbd2 O-O 10. Re1 Bb6 11. Nf1 Ne7 12. Be3 c5 13. a4 Bb7 14. h3 Ng6 15. Ng3 Qc7 16. Qd2 Kh7 17. Nf5 Ng8 18. Qe2 N6e7 19. Nxe7 Qxe7 20. Nh2 f5 21. f3 f4 22. Bf2 Nf6 23. Bc2 Nh5 24. Nf1 Qg5 25. Kh1 Rf6 26. axb5 axb5 27. Rxa8 Bxa8 28. Ra1 Bb7 29. Nh2 Ng3+ 30. Bxg3 fxg3 31. Ng4 Rf8 32. Ne3 Ra8 33. Rxa8 Bxa8 34. Nf1 h5 35. Qe3 Qxe3 36. Nxe3 g6 37. Nf1 h4 38. Nd2 Bc6 39. Bb3 Kg7 40. Bd5 Bd7 41. Bb7 Kf6 42. Bd5 Kg5 43. Nf1 Kf4 44. Bf7 g5 45. c4 b4 1/2-1/2

[Event "EYCC Open-U10 2019"]
[Site "Bratislava"]
[Date "2019.08.06"]
[Round "5.32"]
[White "Kisic, Jovan"]
[Black "Mertins, Ostap"]
[Result "1-0"]
[ECO "A40"]
[WhiteElo "1757"]
[BlackElo "1339"]
[Annotator "NA"]
[PlyCount "59"]
[EventDate "2019.08.02"]
[EventType "swiss"]
[EventCountry "SVK"]
[SourceTitle "playchess.com"]
[Source "ChessBase"]
[SourceQuality "1"]
[TimeControl "40/5400+30:1800+30"]

1. d4 e6 2. c4 c5 3. e3 Nf6 4. Nc3 a6 5. Nf3 Be7 6. Bd3 O-O 7. O-O d6 8. b3 Nbd7 9. Bb2 b6 10. Re1 Bb7 11. e4 cxd4 12. Nxd4 Nc5 13. Rc1 Qc7 14. b4 Ncd7 15. Qb3 Ne5 16. Bf1 Rac8 17. b5 Nxc4 18. bxa6 Na5 19. Qa4 Bc6 20. Ncb5 Bxb5 21. Nxb5 Qd7 22. Bd4 Rc6 23. Bxb6 Rxb6 24. Rc7 Qd8 25. Qxa5 Rc6 26. a7 Rxc7 27. Nxc7 Qd7 28. a8=Q Rxa8 29. Qxa8+ Bd8 30. Nb5 1-0

[Event "EYCC Open-U10 2019"]
[Site "Bratislava"]
[Date "2019.08.06"]
[Round "5.33"]
[White "Farias, David Nuno M E"]
[Black "Tabuenca Mendataurigoitia, Dani"]
[Result "0-1"]
[ECO "B01"]
[WhiteElo "1372"]
[BlackElo "1765"]
[Annotator "NA"]
[PlyCount "108"]
[EventDate "2019.08.02"]
[EventType "swiss"]
[EventCountry "SVK"]
[SourceTitle "playchess.com"]
[Source "ChessBase"]
[SourceQuality "1"]
[TimeControl "40/5400+30:1800+30"]

1. e4 d5 2. exd5 Qxd5 3. Nc3 Qd6 4. d4 Nf6 5. Nf3 g6 6. g3 Bg7 7. Bg2 O-O 8. O-O Nc6 9. Bf4 Qd8 10. Qd2 Bg4 11. Rad1 Re8 12. h3 Bxf3 13. Bxf3 Qd7 14. Kh2 a6 15. Rfe1 e6 16. b3 Rad8 17. d5 exd5 18. Nxd5 Nxd5 19. Rxe8+ Qxe8 20. Bxd5 Nd4 21. Qe3 Qxe3 22. fxe3 Rxd5 23. exd4 c5 24. c3 cxd4 25. Kg2 f5 26. Kf3 Kf7 27. Be3 d3 28. c4 Rd7 29. Bb6 Ke6 30. Ke3 Bh6+ 31. Kf3 d2 32. Be3 Rd3 33. Rxd2 Rxe3+ 34. Kg2 Rxg3+ 35. Kxg3 Bxd2 36. a3 Ke5 37. b4 Kd4 38. c5 Bc1 39. a4 Bd2 40. b5 axb5 41. axb5 Kxc5 42. b6 Kd4 43. Kf3 g5 44. Kg3 h5 45. h4 f4+ 46. Kf3 g4+ 47. Kg2 f3+ 48. Kf2 Ke4 49. Kg3 Bf4+ 50. Kf2 g3+ 51. Kg1 Be3+ 52. Kh1 g2+ 53. Kh2 g1=Q+ 54. Kh3 Qg2# 0-1

[Event "EYCC Open-U10 2019"]
[Site "Bratislava"]
[Date "2019.08.06"]
[Round "5.34"]
[White "Jura, Michal"]
[Black "Panda, Barnabas"]
[Result "0-1"]
[ECO "A28"]
[WhiteElo "1384"]
[BlackElo "1625"]
[Annotator "NA"]
[PlyCount "64"]
[EventDate "2019.08.02"]
[EventType "swiss"]
[EventCountry "SVK"]
[SourceTitle "playchess.com"]
[Source "ChessBase"]
[SourceQuality "1"]
[TimeControl "40/5400+30:1800+30"]

1. c4 e5 2. Nc3 Nf6 3. Nf3 Nc6 4. e3 e4 5. Ng5 Qe7 6. Qc2 Nb4 7. Qb1 g6 8. Ngxe4 Nxe4 9. Nxe4 Bg7 10. a3 Nc6 11. d4 f5 12. Nc3 Nxd4 13. Nd5 Qe5 14. f4 Qd6 15. exd4 c6 16. Ne3 Qxd4 17. g3 O-O 18. Qd3 Qf6 19. Bg2 d6 20. O-O Re8 21. Rd1 Bf8 22. Qd4 Qf7 23. b3 Bg7 24. Qxd6 Bxa1 25. Nc2 Bg7 26. Nb4 Be6 27. Nxc6 bxc6 28. Bxc6 Rad8 29. Bxe8 Rxe8 30. c5 Bxb3 31. Rf1 Bf8 32. Qc6 Bd5 0-1

[Event "EYCC Open-U10 2019"]
[Site "Bratislava"]
[Date "2019.08.06"]
[Round "5.35"]
[White "Georgiadis, Anastasios"]
[Black "Bazilius, Augustinas"]
[Result "0-1"]
[ECO "D85"]
[WhiteElo "1391"]
[BlackElo "1666"]
[Annotator "NA"]
[PlyCount "166"]
[EventDate "2019.08.02"]
[EventType "swiss"]
[EventCountry "SVK"]
[SourceTitle "playchess.com"]
[Source "ChessBase"]
[SourceQuality "1"]
[TimeControl "40/5400+30:1800+30"]

1. d4 Nf6 2. c4 g6 3. Nc3 d5 4. cxd5 Nxd5 5. e4 Nxc3 6. bxc3 Bg7 7. Qa4+ Nd7 8. Nf3 O-O 9. Bg5 c5 10. Qa3 Qb6 11. Rd1 h6 12. Be3 Qc6 13. e5 b5 14. Qb2 Rb8 15. Qd2 b4 16. cxb4 cxb4 17. Rc1 Qb7 18. Bd3 h5 19. e6 fxe6 20. Bxg6 e5 21. Ng5 Qxg2 22. Be4 Qg4 23. Bd5+ Kh8 24. Be6 Qg2 25. Rf1 Ba6 26. Bc4 Bxc4 27. Rxc4 exd4 28. Bxd4 Ne5 29. Bxe5 Bxe5 30. Qe3 Bc3+ 31. Rxc3 bxc3 32. Qe5+ Kg8 33. Qe6+ Kg7 34. Qxe7+ Kg6 35. Qh7+ Kf6 36. Ne4+ Qxe4+ 37. Qxe4 Rfe8 38. Qxe8 Rxe8+ 39. Kd1 Kf5 40. Kc2 Re2+ 41. Kxc3 Rxa2 42. Kb3 Ra6 43. Rc1 Rb6+ 44. Ka4 Rh6 45. Rc4 Re6 46. Rc7 Re2 47. Kb3 a5 48. Rh7 Kg5 49. Rf7 Kg6 50. Rf8 Re5 51. Rc8 Rf5 52. Rc2 Kg5 53. Ka4 Kg4 54. Rc3 Rxf2 55. h3+ Kh4 56. Kxa5 Rh2 57. Kb4 Rxh3 58. Rc4+ Kg5 59. Rc5+ Kf6 60. Rc6+ Ke7 61. Rh6 Kf7 62. Kc4 Kg7 63. Ra6 h4 64. Kd4 Rg3 65. Ra1 Kg6 66. Ke4 Kg5 67. Rh1 Kg4 68. Rh2 h3 69. Rf2 Ra3 70. Rf7 Kg3 71. Rg7+ Kh2 72. Kf4 Kh1 73. Rg8 h2 74. Rg7 Ra1 75. Kf3 Rf1+ 76. Ke2 Rg1 77. Rh7 Kg2 78. Rg7+ Kh3 79. Rh7+ Kg3 80. Rg7+ Kf4 81. Rf7+ Ke5 82. Re7+ Kf6 83. Rh7 h1=Q 0-1

[Event "EYCC Open-U10 2019"]
[Site "Bratislava"]
[Date "2019.08.06"]
[Round "5.36"]
[White "Sarafis, Rafail"]
[Black "Englisch, Tobias"]
[Result "0-1"]
[ECO "D92"]
[WhiteElo "1094"]
[BlackElo "1643"]
[Annotator "NA"]
[PlyCount "58"]
[EventDate "2019.08.02"]
[EventType "swiss"]
[EventCountry "SVK"]
[SourceTitle "playchess.com"]
[Source "ChessBase"]
[SourceQuality "1"]
[TimeControl "40/5400+30:1800+30"]

1. d4 Nf6 2. c4 g6 3. Nc3 d5 4. Nf3 Bg7 5. Bf4 c5 6. e3 O-O 7. Rc1 cxd4 8. Nxd4 Nc6 9. Be2 Nxd4 10. exd4 dxc4 11. Bxc4 a6 12. O-O b5 13. Bb3 Bb7 14. f3 Nd5 15. Nxd5 Bxd5 16. Be5 Bxb3 17. Qxb3 Bxe5 18. dxe5 Qd4+ 19. Kh1 Qxe5 20. Rfe1 Qf6 21. Rc7 Rfc8 22. Rcxe7 Qxe7 23. Qd1 Qf6 24. Qb3 Re8 25. Rc1 Re2 26. Qd5 Rae8 27. Rg1 Qb6 28. Qg5 Re1 29. Qc1 Qxg1# 0-1

[Event "EYCC Open-U10 2019"]
[Site "Bratislava"]
[Date "2019.08.06"]
[Round "5.37"]
[White "Sauer, Tim"]
[Black "Tichy, Tomas"]
[Result "1/2-1/2"]
[ECO "A38"]
[WhiteElo "1635"]
[BlackElo "1810"]
[Annotator "NA"]
[PlyCount "85"]
[EventDate "2019.08.02"]
[EventType "swiss"]
[EventCountry "SVK"]
[SourceTitle "playchess.com"]
[Source "ChessBase"]
[SourceQuality "1"]
[TimeControl "40/5400+30:1800+30"]

1. c4 c5 2. Nc3 Nc6 3. Nf3 Nf6 4. g3 g6 5. Bg2 Bg7 6. O-O d6 7. d4 cxd4 8. Nxd4 Bd7 9. e3 h5 10. Rb1 h4 11. b4 Qc8 12. Nxc6 Bxc6 13. Nd5 Bd7 14. Bb2 Nxd5 15. Bxg7 Rh7 16. Bxd5 Rxg7 17. Qf3 Bg4 18. Qf4 Rh7 19. Bg2 Bh3 20. Qf3 Bxg2 21. Qxg2 Rh5 22. Rfc1 b6 23. Qe4 hxg3 24. fxg3 Re5 25. Qf3 Rb8 26. Rc3 Qd7 27. Rbc1 Rc8 28. Qf4 Qe6 29. Qd4 Qf5 30. Qf4 Qe6 31. Qd4 Re4 32. Qd3 Qe5 33. a3 Qe6 34. Kg2 Re5 35. R1c2 Qg4 36. h3 Qe6 37. Rc1 Qf6 38. Qe2 Qf5 39. R1c2 Qe6 40. Rc1 Rf5 41. Qc2 Re5 42. Qd3 Rc7 43. Qd4 1/2-1/2

[Event "EYCC Open-U10 2019"]
[Site "Bratislava"]
[Date "2019.08.06"]
[Round "5.38"]
[White "Hasanli, Ziya"]
[Black "Mammi, Ottavio"]
[Result "1-0"]
[ECO "D05"]
[WhiteElo "1315"]
[BlackElo "1477"]
[Annotator "NA"]
[PlyCount "83"]
[EventDate "2019.08.02"]
[EventType "swiss"]
[EventCountry "SVK"]
[SourceTitle "playchess.com"]
[Source "ChessBase"]
[SourceQuality "1"]
[TimeControl "40/5400+30:1800+30"]

1. d4 d5 2. Nf3 Nf6 3. e3 e6 4. Bd3 Bd6 5. O-O O-O 6. b3 b6 7. Bb2 Bb7 8. c4 c5 9. Nc3 Nbd7 10. Rc1 Ne4 11. Nd2 Qh4 12. Nf3 Qe7 13. Nd2 Nxd2 14. Qxd2 Qh4 15. g3 Qe7 16. Qe2 f5 17. f4 Rf6 18. Qf2 Rh6 19. cxd5 exd5 20. Bxf5 Nf6 21. Nb5 g6 22. Nxd6 Qxd6 23. dxc5 bxc5 24. Bxf6 Qxf6 25. Bg4 Qe7 26. Rfe1 Rf8 27. Qc2 c4 28. bxc4 dxc4 29. Qxc4+ Kh8 30. Qc3+ Kg8 31. Qc4+ Kh8 32. Qd4+ Kg8 33. Bd1 Rd8 34. Bb3+ Bd5 35. Bxd5+ Rxd5 36. Qxd5+ Kg7 37. Qe5+ Qxe5 38. fxe5 Rh5 39. Rc7+ Kg8 40. Rd1 Rxe5 41. Rd8+ Re8 42. Rxe8# 1-0

[Event "EYCC Open-U10 2019"]
[Site "Bratislava"]
[Date "2019.08.06"]
[Round "5.39"]
[White "Tran, Sixten"]
[Black "Morozov, Saveliy"]
[Result "1/2-1/2"]
[ECO "B22"]
[WhiteElo "1516"]
[BlackElo "1278"]
[Annotator "NA"]
[PlyCount "123"]
[EventDate "2019.08.02"]
[EventType "swiss"]
[EventCountry "SVK"]
[SourceTitle "playchess.com"]
[Source "ChessBase"]
[SourceQuality "1"]
[TimeControl "40/5400+30:1800+30"]

1. e4 c5 2. c3 d5 3. exd5 Qxd5 4. d4 Nf6 5. Nf3 Nc6 6. Be3 cxd4 7. cxd4 e6 8. a3 Be7 9. Nc3 Qd6 10. Nb5 Qd8 11. Bd3 O-O 12. Qc2 a6 13. Nc3 h6 14. O-O b6 15. Ne4 Bb7 16. Nxf6+ Bxf6 17. Bh7+ Kh8 18. Be4 Rc8 19. Qd2 Na5 20. Bxb7 Nxb7 21. Rac1 Rxc1 22. Rxc1 Kg8 23. Ne5 Na5 24. Nc6 Nxc6 25. Rxc6 e5 26. d5 b5 27. Rxa6 Qd7 28. Bxh6 Rc8 29. Be3 Rd8 30. d6 Qe6 31. f3 Qd7 32. Bg5 Bxg5 33. Qxg5 f6 34. Qd2 Qc8 35. Qd5+ Kh8 36. Rc6 Qb7 37. Rc5 Qb6 38. Kf1 b4 39. d7 Qa6+ 40. Qc4 Qd6 41. Rd5 Qb8 42. Qxb4 Qc7 43. Qc5 Qb7 44. Qb5 Qc7 45. Rc5 Qd6 46. Rc8 Qd1+ 47. Kf2 Qd2+ 48. Qe2 Qd4+ 49. Ke1 Qxd7 50. Rxd8+ Qxd8 51. b4 Qd4 52. b5 Qa1+ 53. Kf2 Qxa3 54. b6 Qc5+ 55. Qe3 Qc2+ 56. Kg3 Qg6+ 57. Kh3 Qh5+ 58. Kg3 Qg6+ 59. Kf2 Qc2+ 60. Ke1 Qb1+ 61. Kd2 Qa2+ 62. Kc1 1/2-1/2

[Event "EYCC Open-U10 2019"]
[Site "Bratislava"]
[Date "2019.08.06"]
[Round "5.40"]
[White "Misiuk, Martynas"]
[Black "Ahmadzada, Huseyn"]
[Result "1-0"]
[ECO "B17"]
[WhiteElo "1304"]
[BlackElo "1497"]
[Annotator "NA"]
[PlyCount "51"]
[EventDate "2019.08.02"]
[EventType "swiss"]
[EventCountry "SVK"]
[SourceTitle "playchess.com"]
[Source "ChessBase"]
[SourceQuality "1"]
[TimeControl "40/5400+30:1800+30"]

1. e4 c6 2. d4 d5 3. Nd2 dxe4 4. Nxe4 Nd7 5. Ng5 Ngf6 6. Bc4 e6 7. Qe2 Nb6 8. Bd3 Qxd4 9. c3 Qd8 10. N1f3 h6 11. Ne4 Nxe4 12. Qxe4 Qd5 13. Qe2 Be7 14. Bf4 Bd7 15. O-O O-O-O 16. Rad1 Be8 17. Bc4 Qxc4 18. Qe5 Bd6 19. Rxd6 Rxd6 20. Qxd6 Qxf1+ 21. Kxf1 Nd5 22. Bg3 b5 23. Nd4 a6 24. b3 e5 25. Bxe5 f6 26. Bg3 1-0

[Event "EYCC Open-U10 2019"]
[Site "Bratislava"]
[Date "2019.08.06"]
[Round "5.41"]
[White "Dimitrov, Martin"]
[Black "Kote, Aleks"]
[Result "1-0"]
[ECO "B20"]
[WhiteElo "1473"]
[BlackElo "1257"]
[Annotator "NA"]
[PlyCount "91"]
[EventDate "2019.08.02"]
[EventType "swiss"]
[EventCountry "SVK"]
[SourceTitle "playchess.com"]
[Source "ChessBase"]
[SourceQuality "1"]
[TimeControl "40/5400+30:1800+30"]

1. e4 c5 2. b3 Nc6 3. Bb2 Nf6 4. e5 Nd5 5. Qf3 e6 6. Qg3 Nde7 7. Bd3 d6 8. Nf3 Ng6 9. Bb5 d5 10. Bxc6+ bxc6 11. d3 Be7 12. h4 h5 13. Nbd2 Qc7 14. O-O-O a5 15. a4 Bd7 16. Ng5 Bxg5 17. Qxg5 Qd8 18. Qg3 Qb6 19. f4 Rb8 20. Rde1 Qb4 21. Ref1 Rh7 22. Qg5 Ne7 23. g4 hxg4 24. Qxg4 Nf5 25. Rfg1 Nd4 26. h5 Nf5 27. Qg5 Ne3 28. h6 g6 29. Qf6 Nf5 30. Rxg6 fxg6 31. Qxg6+ Kd8 32. Qxh7 Kc7 33. c4 dxc4 34. dxc4 Ng3 35. Rh2 Nf5 36. Qg6 Nd4 37. Qd3 Nf5 38. h7 Rh8 39. Qc3 Qxc3+ 40. Bxc3 Kb6 41. Ne4 Be8 42. Nf6 Bg6 43. Nd7+ Kc7 44. Nxc5 Rxh7 45. Nxe6+ Kd7 46. Nf8+ 1-0